 Dungeon Crawl Stone Soup version 0.29-a0-25-g7f48f510a0 (webtiles) character file.

Game seed: 10313948268548339364

39 timneilson the Shield-Bearer (level 3, -5/23 HPs)
             Began as a Gargoyle Fighter on Jan 31, 2022.
             Was an Initiate of Okawaru.
             Slain by Robin (7 damage)
             ... on level 2 of the Dungeon.
             The game lasted 00:01:55 (1449 turns).

timneilson the Shield-Bearer (Gargoyle Fighter)     Turns: 1449, Time: 00:01:55

Health: -5/23      AC: 10    Str: 21    XL:     3   Next: 47%
Magic:  3/3        EV:  9    Int:  8    God:    Okawaru [......]
Gold:   37         SH:  5    Dex:  9    Spells: 2/2 levels left

rFire   . . .      SeeInvis .   a - +0 long sword
rCold   . . .      Faith    .   c - +1 buckler
rNeg    + . .      Spirit   .   b - +0 scale mail
rPois   ∞          Reflect  .   (no helmet)
rElec   +          Harm     .   (no cloak)
rCorr   +          Rampage  .   (no gloves)
Will    .....                   (no boots)
Stlth   ..........              (no amulet)
HPRegen 0.07/turn               j - ring of resist corrosion
MPRegen 0.08/turn               (no ring)

@: brilliant
A: sickness immunity, AC +3, negative energy resistance 1, electricity
resistance, torment resistance 1, petrification resistance
a: Renounce Religion


You were on level 2 of the Dungeon.
You worshipped Okawaru.
Okawaru was noncommittal.
You visited 1 branch of the dungeon, and saw 2 of its levels.

You collected 37 gold pieces.

Inventory:

Hand Weapons
 a - a +0 long sword (weapon)
Armour
 b - a +0 scale mail (worn)
 c - a +1 buckler (worn)
Jewellery
 j - a ring of resist corrosion (left hand)
Scrolls
 g - a scroll of identify
 h - a scroll of summoning {unknown}
 i - a scroll of holy word {unknown}
Potions
 d - a potion of might
 f - a potion of attraction


   Skills:
 + Level 3.5 Fighting
 * Level 2.2 Long Blades
 * Level 3.6 Armour
 + Level 0.5 Dodging
 * Level 3.8 Shields
 + Level 0.4 Invocations


You had 2 spell levels left.
You didn't know any spells.
Your spell library was empty.

Dungeon Overview and Level Annotations

Branches:
Dungeon (2/15)

Altars:
Okawaru

Annotations:
D:2 Robin


Innate Abilities, Weirdness & Mutations

You are immune to sickness and miasma.
Your stone body is resilient. (AC +3)
You are immune to poison.
You resist negative energy. (rN+)
You are resistant to electric shocks. (rElec)
You are resistant to unholy torment.
You are immune to petrification.


Message History

a +0 dagger; a +0 dagger; a hobgoblin corpse A goblin comes into view.
It is wielding a +0 dagger.
The goblin shouts!
Robin roars a battlecry!
The goblin goes into a battle-frenzy!
You barely miss Robin. Robin barely misses you.
Robin hits you but does no damage.
You closely miss Robin. Robin completely misses you.
You barely miss Robin. Robin hits you but does no damage.
You barely miss Robin. Robin throws the goblin at you!
The goblin barely misses you.
You hit Robin but do no damage. Robin hits you but does no damage.
You block the goblin's attack. The goblin barely misses you.
Robin hits you with a +4 dagger of venom.
You barely miss Robin.
Robin hits you with a +4 dagger of venom.
The goblin misses you.
You barely miss Robin.
Robin hits you with a +4 dagger of venom.
The goblin barely misses you.
You hit the goblin.
The goblin is severely wounded.
Robin hits you with a +4 dagger of venom.
* * * LOW HITPOINT WARNING * * *
The goblin completely misses you. The goblin closely misses you.
Robin hits you but does no damage.
You slash the goblin!
You kill the goblin!
Okawaru accepts your kill.
Robin hits you with a +4 dagger of venom.
* * * LOW HITPOINT WARNING * * *
Unknown command.
It was a potion of brilliance.
You feel clever all of a sudden.
Robin hits you with a +4 dagger of venom.
* * * LOW HITPOINT WARNING * * *
You see here a +0 dagger.
There is an open door here.
Robin hits you with a +4 dagger of venom!
You die...

#######......# #......
#......# #.[....
########.....÷#####.##..#
#.............'.........#
#.######......#####.###..
........####+## #.# ###
..#####.# #.### #.#
#.####...## #)#
#.@g.'....# #)#
######....###.#####
#....#........
#....#........
#....#........
...####.#........ ..
#.......... ..
#..........
.###..........


You could see Robin.

Vanquished Creatures
  An adder (D:2)
  3 ball pythons
  A bat (D:2)
  2 endoplasms
  A giant cockroach (D:1)
  9 goblins
  5 hobgoblins
  2 frilled lizards (D:1)
  A kobold (D:1)
  A rat (D:1)
26 creatures vanquished.

Notes
Turn   | Place    | Note
-------+----------+-------------------------------------------
     0 | D:1      | timneilson the Gargoyle Fighter began the quest for the
                  | Orb.
     0 | D:1      | Reached XP level 1. HP: 14/14 MP: 1/1
   224 | D:1      | Reached XP level 2. HP: 19/19 MP: 2/2
   877 | D:2      | Found an iron altar of Okawaru.
   884 | D:2      | Became a worshipper of Warmaster Okawaru
  1098 | D:2      | Reached XP level 3. HP: 12/23 MP: 3/3
  1403 | D:2      | Noticed Robin
  1434 | D:2      | HP: 1/23 [Robin (2)]
  1449 | D:2      | Slain by Robin

Illustrated notes

Levels and vault maps discovered:
D:1:      mrwooster_arrival_statue_3, layout_loops_cross,
          roderic_nine_men_s_morris, serial_bayou_lagoon_a, minmay_tetromino_o4
D:2:      layout_basic, basic_altar, uniq_robin, uniq_sigmund

Skill      XL: |  1  2 |
---------------+-------+-----
Long Blades    | 2 |  2.2
Fighting       | |  3.5
Armour         | |  3.6
Dodging        | |  0.5
Shields        | |  3.8
Invocations    | |  0.4

Action                   || total
-------------------------++-------
Melee: Long sword        ||    80
  Use: Scroll            ||     4
       Potion            ||     1
Armor: Scale mail        ||    31
Dodge: Dodged            ||    35
Block: Buckler           ||    15

Table legend: (Time is in decaauts)
 A = Elapsed time spent in this place.
 B = Non-inter-level travel time spent in this place.
 C = Inter-level travel time spent in this place.
 D = Time resting spent in this place.
 E = Time spent auto-exploring this place.
 F = Levels seen in this place.
 G = Mean time per level.
                   A        B        C        D        E       F      G
               +--------+--------+--------+--------+--------+-----+--------+
         Total |   1491 |   1475 |     16 |      0 |   1223 |   2 |  745.5 |
       Dungeon |   1491 |   1475 |     16 |      0 |   1223 |   2 |  745.5 |
               +--------+--------+--------+--------+--------+-----+--------+

Top non-repeatable levels by time:
     D:1: 847 daAuts
     D:2: 643 daAuts
